 Dungeon Sprint DCSS version 0.23-a0-164-g7711e57 (webtiles) character file.

485 102938475621 the Blocker (level 7, -3/63 HPs)
             Began as a Gnoll Fighter on Sept 11, 2018.
             Slain by Sonja
             ... wielding a +1 dagger of venom
              (4 damage)
             ... in the Dungeon (Sprint I: "Red Sonja").
             The game lasted 00:03:01 (711 turns).

102938475621 the Blocker (Gnoll Fighter)             Turns: 711, Time: 00:03:02

Health: -3/63      AC:  0    Str: 25    XL:     7   Next: 13%
Magic:  14/14      EV: 17    Int: 10    God:
Gold:   419        SH:  0    Dex: 15    Spells: 16/16 levels left

rFire    . . .     SeeInvis .     - Unarmed
rCold    . . .     Gourm    .   (shield currently unavailable)
rNeg     . . .     Faith    .   (armour currently unavailable)
rPois    .         Spirit   .   (helmet currently unavailable)
rElec    .         Reflect  .   (cloak currently unavailable)
rCorr    .         Harm     .   (gloves currently unavailable)
MR       .....     NoTele   +   (boots currently unavailable)
Stlth    +++.......             (no amulet)
HPRegen  0.20/turn              (ring currently unavailable)
MPRegen  0.14/turn              (ring currently unavailable)

@: mighty, lethally poisoned (-3 -> -32), pig-form (expiring), very slightly
contaminated, hasted and slowed, very quick
A: small, distributed training, strong nose
a: no special abilities


You were in the Dungeon.
You were not hungry.
You were a filthy swine.
You visited 1 branch You collected 419 gold pieces.

Inventory:

Hand Weapons
 a - a +0 long sword (melded)
Missiles
 e - a curare-tipped needle
Armour
 b - a +0 scale mail (melded)
 c - a +0 shield (melded)
Scrolls
 k - a scroll of blinking
 m - a scroll of immolation {unknown}
Potions
 i - 2 potions of magic
 j - a potion of berserk rage
Comestibles
 f - a ration


   Skills:
 + Level 8.4 Fighting
 + Level 5.1 Short Blades
 + Level 6.9 Long Blades
 + Level 5.1 Axes
 + Level 5.1 Maces & Flails
 + Level 5.1 Polearms
 + Level 5.1 Staves
 + Level 5.1 Slings
 + Level 5.1 Bows
 + Level 5.1 Crossbows
 + Level 5.1 Throwing
 + Level 8.4 Armour
 + Level 5.1 Dodging
 + Level 5.1 Stealth
 + Level 8.4 Shields
 + Level 5.1 Unarmed Combat
 + Level 5.1 Spellcasting
 + Level 4.2 Conjurations
 + Level 4.2 Hexes
 + Level 4.2 Charms
 + Level 4.2 Summonings
 + Level 4.2 Necromancy
 + Level 4.2 Translocations
 + Level 4.2 Transmutations
 + Level 4.2 Fire Magic
 + Level 4.2 Ice Magic
 + Level 4.2 Air Magic
 + Level 4.2 Earth Magic
 + Level 4.2 Poison Magic
 + Level 5.6 Invocations
 + Level 5.1 Evocations


You had 16 spell levels left.
You didn't know any spells.
Your spell library was empty.

Dungeon Overview and Level Annotations

Branches:
Dungeon (1/1)

Altars:
Makhleb
Sif Muna
Vehumet
Wu Jian
Xom
Jiyva
Lugonu

Annotations:
D Sonja


Innate Abilities, Weirdness & Mutations

Your experience applies equally to all skills.
((You have very sharp teeth.))
Your uncanny sense of smell can sniff out nearby items.


Message History

Sonja hits you with an uncursed dagger of venom!
* * * LOW HITPOINT WARNING * * *
Sonja hits you with an uncursed dagger of venom.
* * * LOW HITPOINT WARNING * * *
Sonja hits you with an uncursed dagger of venom.
* * * LOW HITPOINT WARNING * * *
You are more poisoned.
Sonja zaps a wand.
You bite Sonja!
Sonja is severely wounded.
* * * LOW HITPOINT WARNING * * *
You feel very sick.
Sonja zaps a wand.
You resist with some effort.
The now-empty wand crumbles to dust.
You completely miss Sonja.
Sonja is severely wounded.
* * * LOW HITPOINT WARNING * * *
You feel sick.
Sonja hits you with an uncursed dagger of venom.
You die...

#..').#..').#..'..'..#
#..#####'#####'#__####
#..# #..#...#.####∆∆
#..# ####..##.# ∆∆
#..# ##'#_.+ #⌠⌠#
+..._# ∆∆ #### #_(#'#
∆∆ ##K#.#∆∆∆∆ ∆ #h###
∆ +$.$+∆∆ ∆∆ ∆ #$.$#
##.## ∆#+#∆ ∆∆∆∆∆
∆∆∆∆∆


You could see Sonja.

Vanquished Creatures
  A slime creature (D)
  Sigmund (D)
  An ogre (D)
  A jelly (D)
  Ijyb (D)
5 creatures vanquished.

Vanquished Creatures (others)
  A gargoyle (D)
1 creature vanquished.

Grand Total: 6 creatures vanquished

Notes
Turn   | Place    | Note
-------+----------+-------------------------------------------
     0 | D        | 102938475621 the Gnoll Fighter began the quest for the Orb.
     0 | D        | Reached XP level 1. HP: 23/23 MP: 1/1
     2 | D        | Noticed Ijyb
     6 | D        | Killed a gargoyle
    21 | D        | Killed Ijyb
    21 | D        | Reached skill level 1 in Short Blades
    21 | D        | Reached skill level 1 in Axes
    21 | D        | Reached skill level 1 in Maces & Flails
    21 | D        | Reached skill level 1 in Polearms
    21 | D        | Reached skill level 1 in Staves
    21 | D        | Reached skill level 1 in Slings
    21 | D        | Reached skill level 1 in Bows
    21 | D        | Reached skill level 1 in Crossbows
    21 | D        | Reached skill level 1 in Throwing
    21 | D        | Reached skill level 1 in Dodging
    21 | D        | Reached skill level 1 in Stealth
    21 | D        | Reached skill level 1 in Unarmed Combat
    21 | D        | Reached skill level 1 in Spellcasting
    21 | D        | Reached skill level 1 in Conjurations
    21 | D        | Reached skill level 1 in Hexes
    21 | D        | Reached skill level 1 in Charms
    21 | D        | Reached skill level 1 in Summonings
    21 | D        | Reached skill level 1 in Necromancy
    21 | D        | Reached skill level 1 in Translocations
    21 | D        | Reached skill level 1 in Transmutations
    21 | D        | Reached skill level 1 in Fire Magic
    21 | D        | Reached skill level 1 in Ice Magic
    21 | D        | Reached skill level 1 in Air Magic
    21 | D        | Reached skill level 1 in Earth Magic
    21 | D        | Reached skill level 1 in Poison Magic
    21 | D        | Reached skill level 1 in Invocations
    21 | D        | Reached skill level 1 in Evocations
    21 | D        | Reached XP level 2. HP: 16/29 MP: 1/4
    21 | D        | Reached XP level 3. HP: 19/35 MP: 1/5
   166 | D        | Noticed an ogre
   173 | D        | Killed an ogre
   173 | D        | Reached skill level 5 in Long Blades
   173 | D        | Reached XP level 4. HP: 16/43 MP: 5/8
   376 | D        | Noticed Sigmund
   387 | D        | Killed Sigmund
   387 | D        | Reached XP level 5. HP: 41/49 MP: 8/11
   387 | D        | Reached XP level 6. HP: 47/56 MP: 8/12
   429 | D        | Found an ornate altar of the Wu Jian Council.
   429 | D        | Found a deep blue altar of Sif Muna.
   431 | D        | Found a radiant altar of Vehumet.
   475 | D        | Found a burning altar of Makhleb.
   475 | D        | Found a viscous altar of Jiyva.
   475 | D        | Found a shimmering altar of Xom.
   475 | D        | Found a corrupted altar of Lugonu.
   475 | D        | Noticed a slime creature
   492 | D        | Killed a slime creature
   492 | D        | Reached skill level 5 in Short Blades
   492 | D        | Reached skill level 5 in Axes
   492 | D        | Reached skill level 5 in Maces & Flails
   492 | D        | Reached skill level 5 in Polearms
   492 | D        | Reached skill level 5 in Staves
   492 | D        | Reached skill level 5 in Slings
   492 | D        | Reached skill level 5 in Bows
   492 | D        | Reached skill level 5 in Crossbows
   492 | D        | Reached skill level 5 in Throwing
   492 | D        | Reached skill level 5 in Dodging
   492 | D        | Reached skill level 5 in Stealth
   492 | D        | Reached skill level 5 in Unarmed Combat
   492 | D        | Reached skill level 5 in Spellcasting
   492 | D        | Reached skill level 5 in Invocations
   492 | D        | Reached skill level 5 in Evocations
   492 | D        | Reached XP level 7. HP: 33/63 MP: 12/14
   673 | D        | Noticed Sonja
   710 | D        | HP: 3/63 [poisoned by Sonja]
   711 | D        | HP: 1/63 [poisoned by Sonja]
   711 | D        | Slain by Sonja

Vault maps used:
D:        dungeon_sprint_1

Skill      XL: |  1  2  3  4  5  6 |
---------------+-------------------+-----
Short Blades   | 1 3 4 5 |  5.1
Axes           | 1 3 4 5 |  5.1
Maces & Flails | 1 3 4 5 |  5.1
Polearms       | 1 3 4 5 |  5.1
Staves         | 1 3 4 5 |  5.1
Slings         | 1 3 4 5 |  5.1
Bows           | 1 3 4 5 |  5.1
Crossbows      | 1 3 4 5 |  5.1
Throwing       | 1 3 4 5 |  5.1
Dodging        | 1 3 4 5 |  5.1
Stealth        | 1 3 4 5 |  5.1
Unarmed Combat | 1 3 4 5 |  5.1
Spellcasting   | 1 3 4 5 |  5.1
Conjurations   | 1 2 3 4 |  4.2
Hexes          | 1 2 3 4 |  4.2
Charms         | 1 2 3 4 |  4.2
Summonings     | 1 2 3 4 |  4.2
Necromancy     | 1 2 3 4 |  4.2
Translocations | 1 2 3 4 |  4.2
Transmutations | 1 2 3 4 |  4.2
Fire Magic     | 1 2 3 4 |  4.2
Ice Magic      | 1 2 3 4 |  4.2
Air Magic      | 1 2 3 4 |  4.2
Earth Magic    | 1 2 3 4 |  4.2
Poison Magic   | 1 2 3 4 |  4.2
Invocations    | 1 3 4 5 |  5.6
Evocations     | 1 3 4 5 |  5.1
Fighting       | 7 8 |  8.4
Long Blades    | 5 6 |  6.9
Armour         | 7 8 |  8.4
Shields        | 7 8 |  8.4

Action                   |  1- 3 |  4- 6 |  7- 9 || total
-------------------------+-------+-------+-------++-------
Melee: Long sword        |    24 |    28 |     5 ||    57
       Bite              |     4 |     5 |     1 ||    10
       Unarmed           |       |       |    12 ||    12
  Use: Potion            |       |       |     6 ||     6
 Stab: Sleeping          |       |     1 |       ||     1
       Invisible         |       |       |     4 ||     4
Armor: Scale mail        |     3 |     4 |     1 ||     8
Dodge: Dodged            |     4 |     9 |    20 ||    33
Block: Shield            |    10 |    10 |     6 ||    26
       Rpst.: Long sword |     3 |     2 |     1 ||     6

Table legend:
 A = Non-vault XP
 B = Vault XP
 C = Vault XP percentage of total XP
 D = Non-vault monster count
 E = Vault monster count
 F = Vault count percentage of total count
                 A         B        C        D         E       F
            +---------+---------+-------+---------+---------+-------
      Total |       0 |     693 | 100.0 |       0 |       5 | 100.0
            +---------+---------+-------+---------+---------+-------
          D |       0 |     693 | 100.0 |       0 |       5 | 100.0
            +---------+---------+-------+---------+---------+-------
